 Seeded DCSS version 0.29-a0-231-g945431f764 (webtiles) character file.

Game seed: 11041845003192542153 (custom seed)

5240 mcwallace the Fighter (level 10, -7/83 HPs)
             Began as a Formicid Fighter on Mar 1, 2022.
             Was an Initiate of Gozag.
             Mangled by a troll (11 damage)
             ... on level 8 of the Dungeon.
             The game lasted 00:15:07 (9079 turns).

mcwallace the Fighter (Formicid Fighter)            Turns: 9079, Time: 00:15:08

Health: -7/83      AC: 15    Str: 21    XL:     10   Next: 92%
Magic:  17/17      EV: 10    Int:  8    God:    Gozag
Gold:   395        SH:  7    Dex: 20    Spells: 18/18 levels left

rFire   . . .      SeeInvis +   E - +5 executioner's axe of Springtime {vamp, rCorr, axerare=g}
rCold   . . .      Faith    .   c - +0 buckler
rNeg    . . .      Spirit   .   A - +0 chain mail
rPois   .          Reflect  .   (helmet unavailable)
rElec   .          Harm     .   I - +1 cloak {rCorr}
rCorr   +          Rampage  .   t - +0 pair of gloves
Will    +....                   e - +0 pair of boots
Stlth   ..........              (no amulet)
HPRegen 0.23/turn               l - +4 ring of slaying
MPRegen 0.15/turn               p - +6 ring of dexterity

@: mighty, studying 2 skills
A: permanent stasis, dig shafts and tunnels, antennae 3, four strong arms
a: Dig, Shaft Self, Renounce Religion, Potion Petition, Call Merchant, Bribe
Branch


You were on level 8 of the Dungeon.
You worshipped Gozag.
Gozag was aware of your devotion.
You visited 2 branches of the dungeon, and saw 9 of its levels.

You collected 612 gold pieces.
You paid 217 gold pieces to Gozag.


Innate Abilities, Weirdness & Mutations

You cannot be hasted, slowed, berserked, paralysed or teleported.
You can dig through walls and to a lower floor.
You have a pair of large antennae on your head. (SInv)
Your four strong arms can wield two-handed weapons with a shield.


   Skills:
 + Level 9.0 Fighting
 + Level 5.2 Axes
 + Level 5.9 Crossbows
 + Level 7.3 Armour
 + Level 4.3 Dodging
 + Level 8.0 Shields
 + Level 4.7 Spellcasting
 + Level 9.0 Poison Magic


You had 18 spell levels left.
You didn't know any spells.
Your spell library contained the following spells:

 Spells                   Type           Power      Damage    Failure   Level
 Apportation              Tloc           2%         N/A       94%         1
 Inner Flame              Hex/Fire       1%         N/A       100%        3
 Ozocubu's Armour         Ice            1%         N/A       100%        3
 Portal Projectile        Hex/Tloc       2%         N/A       100%        3
 Tukima's Dance           Hex            1%         N/A       100%        3
 Cause Fear               Hex            0%         N/A       100%        4
 Passage of Golubria      Tloc           1%         N/A       100%        4
 Alistair's Intoxication  Tmut/Pois      6%         N/A       100%        5
 Blade Hands              Tmut           0%         N/A       100%        5
 Excruciating Wounds      Necr           0%         N/A       100%        5
 Yara's Violent Unravell  Hex/Tmut       0%         3d3       100%        5
 Ozocubu's Refrigeration  Ice            0%         4d5       100%        7
 Discord                  Hex            0%         N/A       100%        8

Inventory:

Hand Weapons
 a - a +0 war axe {axe}
 y - a +0 spear of venom {polearm}
   (You took it off a gnoll on level 3 of the Dungeon)
 C - a +1 dagger of electrocution {short}
   (You took it off a goblin on level 4 of the Dungeon)
 E - the +5 executioner's axe of Springtime (weapon) {vamp, rCorr, axerare=g}
   (You acquired it on level 3 of the Dungeon)

   It occasionally heals its wielder for a portion of the damage dealt when it
   wounds a living foe.
   rCorr:     It protects you from acid and corrosion.
 K - a +3 quarterstaff of chaos {staff}
   (You took it off Crazy Yiuf on level 4 of the Dungeon)
Missiles
 k - 311 stones {throwing}
 o - 17 javelins {throwing}
 x - 3 atropa-tipped darts (quivered) {throwing}
 V - a silver boomerang {throwing}
Armour
 c - a +0 buckler (worn)
 e - a +0 pair of boots (worn)
   (You found it on level 6 of the Dungeon)
 t - a +0 pair of gloves (worn)
   (You found it on level 2 of the Dungeon)
 w - a +0 leather armour
   (You found it on level 3 of the Dungeon)
 z - a +0 ring mail
   (You took it off a wight on level 8 of the Dungeon)
 A - a +0 chain mail (worn)
   (You found it on level 4 of the Dungeon)
 D - a +0 ring mail
   (You took it off an orc on level 4 of the Dungeon)
 G - a +0 animal skin
   (You took it off Robin on level 4 of the Dungeon)
 I - a +1 cloak of preservation (worn)
   (You took it off Crazy Yiuf on level 4 of the Dungeon)
 P - a +0 leather armour of fire resistance
   (You found it on level 5 of the Dungeon)
 Q - a +0 ring mail
   (You took it off an orc on level 8 of the Dungeon)
 U - a +0 ring mail
   (You found it on level 8 of the Dungeon)
 X - a +0 leather armour
   (You took it off an orc on level 5 of the Dungeon)
Jewellery
 l - a +4 ring of slaying (left hand)
   (You found it on level 1 of the Dungeon)
 p - a +6 ring of dexterity (right hand)
   (You found it on level 2 of the Dungeon)
Wands
 b - a wand of flame (35)
   (You found it on level 6 of the Dungeon)
 M - a wand of digging (6)
   (You found it on level 5 of the Dungeon)
 O - a wand of charming (5)
   (You found it on level 5 of the Dungeon)
 S - a wand of iceblast (11)
   (You found it on level 5 of the Dungeon)
Scrolls
 d - a scroll of enchant armour {unknown}
 f - a scroll of teleportation {unknown}
 g - 2 scrolls of brand weapon {unknown}
 h - 4 scrolls of identify {unknown}
 i - a scroll of amnesia {unknown}
 j - a scroll of holy word {unknown}
 m - a scroll of immolation {unknown}
 q - 3 scrolls of blinking {unknown}
 s - 2 scrolls of fog {unknown}
 u - a scroll of enchant weapon {unknown}
 v - 2 scrolls of magic mapping {unknown}
 B - a scroll of torment {unknown}
 H - 2 scrolls of vulnerability {unknown}
Potions
 r - 2 potions of degeneration {unknown}
 F - a potion of curing {unknown}
 J - 2 potions of flight {unknown}
 L - 2 potions of cancellation
 N - 3 potions of lignification {unknown}
 R - 2 potions of heal wounds {@q2}
 T - a potion of haste {@q3}
 Y - 2 potions of mutation {unknown}

Dungeon Overview and Level Annotations

Branches:
Dungeon (8/15)             Temple (1/1) D:7
   Lair: D:8-11

Altars:
Ashenzari
Cheibriados
Dithmenos
Elyvilon
Fedhas
Gozag
Hepliaklqana
Kikubaaqudgha
Makhleb
Nemelex Xobeh
Okawaru
Qazlal
Ru
Sif Muna
Trog
Uskayaw
Vehumet
Wu Jian
Xom
Yredelemnul
Zin
The Shining One

Shops:
D:5 =

Annotations:
D:5 2 transporters, awesomeguy42's ghost, novice HuNe

...{. # { ..##.#. .##.z.#
.# ..#... ## #.... .# {
#.#..< ..... .# $ #.#... {
.... $ .. $ #....# ....
###+###V# $ #.#...
#...$.#.#. $$ ##.#...
#.#+###'#l#..#####..#...
#......@Tc##.......##...
#####.#########.#####...
###..##.. ###.....###... ..
#..##..# .##.......##...
...#..##..##.#...###...#.##
..###..##..##..## ##..#.##
..##..##..#...# #.....
#..##..##.#..## ##..#...
#..##).##.#...###...#...


You could see a centaur warrior, a komodo dragon and a troll.


Message History

The centaur warrior closely misses you.
The centaur warrior kicks you but does no damage.
A komodo dragon comes into view.
The centaur warrior hits you. You block the centaur warrior's attack.
The troll closely misses you. You block the troll's attack.
The troll barely misses you.
Your Shields skill increases to level 8! 😮 HP[+5]
You regained 5 hp, and now have 54/83 hp.
You barely miss the centaur warrior. You barely miss the troll.
You block the centaur warrior's attack.
The centaur warrior kicks you but does no damage.
The troll bites you! The troll claws you.
* * * LOW HITPOINT WARNING * * *
The troll claws you!
* * * LOW HITPOINT WARNING * * *
You block the centaur warrior's attack.
The centaur warrior kicks you but does no damage.
A vampire comes into view. It is wielding a +0 trident.
The troll bites you but does no damage.
The troll claws you but does no damage. x2
The centaur warrior hits you but does no damage.
The centaur warrior kicks you but does no damage. 😨 HP[-23]
You take 23 damage, and now have 31/83 hp.
MASSIVE DAMAGE!! (PAUSE)
You closely miss the centaur warrior. You closely miss the troll.
The centaur warrior hits you.
* * * LOW HITPOINT WARNING * * *
The centaur warrior closely misses you. You block the troll's attack.
The troll claws you.
* * * LOW HITPOINT WARNING * * *
The troll barely misses you. The centaur warrior misses you.
The centaur warrior closely misses you.
The komodo dragon is distracted by your dazzling golden aura.
The troll barely misses you. The troll claws you.
* * * LOW HITPOINT WARNING * * *
The troll claws you.
* * * LOW HITPOINT WARNING * * *
😱 HP[-12]
You take 12 damage, and now have 19/83 hp.
You closely miss the centaur warrior.
The komodo dragon hisses angrily.
You slash the troll!
You feel better. You block the centaur warrior's attack.
The centaur warrior kicks you but does no damage.
The centaur warrior closely misses you. The centaur warrior kicks you.
* * * LOW HITPOINT WARNING * * *
The troll bites you but does no damage. The troll misses you.
The troll claws you but does no damage. The centaur warrior closely misses you.
The centaur warrior kicks you but does no damage. 😨 HP[+5]
You regained 5 hp, and now have 24/83 hp.
You feel very mighty all of a sudden. The centaur warrior hits you.
* * * LOW HITPOINT WARNING * * *
The centaur warrior closely misses you. The troll bites you.
* * * LOW HITPOINT WARNING * * *
You block the troll's attack.
The troll claws you but does no damage. 😱 HP[-5]
You take 5 damage, and now have 19/83 hp.
You closely miss the centaur warrior. You slash the troll!
The komodo dragon is no longer distracted by gold.
You block the centaur warrior's attack. x2
The troll bites you but does no damage. The troll claws you but does no damage.
The troll barely misses you.
The centaur warrior hits you but does no damage.
The centaur warrior kicks you but does no damage.
The troll bites you.
* * * LOW HITPOINT WARNING * * *
The troll claws you!
* * * LOW HITPOINT WARNING * * *
You block the troll's attack. The centaur warrior hits you.
* * * LOW HITPOINT WARNING * * *
The centaur warrior kicks you but does no damage. 😱 HP[-15]
You take 15 damage, and now have 4/83 hp.
You feel much better. The centaur warrior hits you.
* * * LOW HITPOINT WARNING * * *
The centaur warrior completely misses you.
The troll bites you but does no damage. The troll barely misses you.
You block the troll's attack. 😨 HP[+20]
You regained 20 hp, and now have 24/83 hp.
You barely miss the centaur warrior. You barely miss the troll.
The centaur warrior hits you.
* * * LOW HITPOINT WARNING * * *
The centaur warrior kicks you but does no damage.
The centaur warrior hits you but does no damage.
You block the centaur warrior's attack. The troll bites you but does no damage.
You block the troll's attack. The troll barely misses you.
The centaur warrior hits you.
* * * LOW HITPOINT WARNING * * *
The centaur warrior kicks you but does no damage. 😱 HP[-7]
You take 7 damage, and now have 17/83 hp.
You barely miss the troll. You block the troll's attack. x2
The troll claws you but does no damage. The troll bites you!
* * * LOW HITPOINT WARNING * * *
The troll claws you!
You die...
Your body crumbles into a pile of gold.

Skill      XL: |  1  2  3  4  5  6  7  8  9 10 |
---------------+-------------------------------+-----
Shields        | 4 5 6 7 8 |  8.0
Crossbows      | 1 2 3 4 5 |  5.9
Armour         | 4 5 6 7 |  7.3
Fighting       | 4 5 6 7 9 |  9.0
Poison Magic   | 2 3 5 7 9 |  9.0
Spellcasting   | 1 2 3 4 |  4.7
Dodging        | 1 2 3 4 |  4.3
Axes           | 3 4 5 |  5.2

Action                   |  1- 3 |  4- 6 |  7- 9 | 10-12 || total
-------------------------+-------+-------+-------+-------++-------
Melee: War axe           |    78 |    96 |       |       ||   174
       Executioner's axe |       |     7 |   127 |   122 ||   256
Throw: Javelin           |       |     2 |     3 |       ||     5
       Dart              |       |       |     2 |       ||     2
 Abil: Dig               |     2 |     1 |       |     2 ||     5
Evoke: Wand              |       |       |     2 |       ||     2
  Use: Potion            |       |     4 |     1 |     2 ||     7
       Scroll            |       |     3 |       |       ||     3
 Stab: Distracted        |       |       |       |     1 ||     1
Armor: Scale mail        |    34 |    27 |       |       ||    61
       Chain mail        |       |    18 |    95 |   121 ||   234
Dodge: Dodged            |    42 |    35 |    73 |   103 ||   253
Block: Buckler           |    15 |    28 |    56 |    94 ||   193

Levels and vault maps discovered:
D:1:      heliophobic_arrival_henge, layout_loops_cross,
          shapermc_ecumenical_altar_pompeii, item_on_display_a
D:2:      layout_loops_corners, basic_altar, hangedman_abyss_or_decor_stabs,
          chequers_serial_rivers_micro_c, minivault_5, st_stairs_14,
          serial_park_tiny_pond, chequers_decorated_corner
D:3:      layout_basic, zin_scriptorium, amcnicky_altar_gilded
D:4:      layout_basic, uniq_crazy_yiuf_cottage, uniq_sigmund, uniq_robin
D:5:      layout_gridville, serial_shops, nicolae_shop_window_shopping,
          gammafunk_ghost_mausoleum, st_stairs_1, nrook_pool_corridor,
          dk_noncrumbling_3
D:6:      layout_layer_cave, gammafunk_temple_overflow_elements,
          evilmike_ruin_ashenzari, uniq_menkaure, uniq_grinder
D:7:      layout_rooms, nicolae_overflow_hidden_temple,
          minmay_temple_entry_slanted, st_stairs_6
D:8:      layout_cave_pools, grunt_gozag_statues, overflow_temple_1_default,
          minmay_the_grid_2x2 [minmay_the_grid_doors,
          minmay_the_grid_minigrid_medium, minmay_the_grid_outer_circle,
          minmay_the_grid_prize_inner_circle]
Temple:   dpeg_chambers_temple

Notes
Turn   | Place    | Note
-------+----------+-------------------------------------------
     0 | D:1      | mcwallace the Formicid Fighter began the quest for the Orb.
     0 | D:1      | Reached XP level 1. HP: 18/18 MP: 1/1
     0 | D:1      | magus.rc [v1.9.6]
   141 | D:1      | Reached XP level 2. HP: 14/24 MP: 2/2
   480 | D:1      | Reached skill level 4 in Shields
   491 | D:1      | Found a faded altar of an unknown god.
   699 | D:1      | Reached XP level 3. HP: 24/29 MP: 3/3
   831 | D:1      | Reached skill level 1 in Crossbows
  1323 | D:2      | Reached XP level 4. HP: 29/37 MP: 4/4
  1561 | D:2      | Found a burning altar of Makhleb.
  2109 | D:2      | You pick up a book of Party Tricks and begin reading...
  2109 | D:2      | You add the spells Apportation and Alistair's Intoxication
                  | to your library.
  2278 | D:3      | Found an ornate altar of the Wu Jian Council.
  2317 | D:3      | Reached skill level 4 in Armour
  2323 | D:3      | HP: 8/37 [poisoned by a gnoll]
  2799 | D:3      | You add the spells Ozocubu's Armour and Ozocubu's
                  | Refrigeration to your library.
  2886 | D:3      | Reached skill level 4 in Fighting
  2886 | D:3      | Reached XP level 5. HP: 38/42 MP: 5/5
  2922 | D:3      | Reached skill level 2 in Crossbows
  3155 | D:3      | Found a glowing silver altar of Zin.
  3353 | D:4      | Noticed an ogre
  3361 | D:4      | Killed an ogre
  3362 | D:4      | Reached skill level 5 in Shields
  3362 | D:4      | Reached XP level 6. HP: 28/49 MP: 6/6
  3522 | D:4      | Noticed Robin
  3541 | D:4      | Killed Robin
  3724 | D:4      | Noticed Sigmund
  3743 | D:3      | Identified 3 scrolls of acquirement
  3743 | D:3      | Acquired the +5 executioner's axe of Springtime {vamp,
                  | rCorr}
  3744 | D:3      | E - the +5 executioner's axe of Springtime {vamp, rCorr,
                  | axerare=g}
  3745 | D:3      | E - the +5 executioner's axe of Springtime (weapon) {vamp,
                  | rCorr, axerare=g}
  3746 | D:3      | Acquired a manual of Poison Magic
  3748 | D:3      | Acquired a manual of Fighting
  3771 | D:4      | Killed Sigmund
  3772 | D:4      | Reached skill level 5 in Fighting
  3772 | D:4      | Reached skill level 3 in Crossbows
  3772 | D:4      | Reached skill level 5 in Armour
  3772 | D:4      | Reached skill level 2 in Poison Magic
  3772 | D:4      | Reached XP level 7. HP: 43/56 MP: 6/8
  4037 | D:4      | Found a runed translucent door.
  4038 | D:4      | Noticed Crazy Yiuf
  4163 | D:4      | Killed Crazy Yiuf
  4164 | D:4      | Reached skill level 1 in Spellcasting
  4312 | D:5      | Entered Level 5 of the Dungeon
  4462 | D:5      | Reached skill level 1 in Dodging
  4674 | D:5      | Found Jennareu's Jewellery Boutique.
  4731 | D:5      | Reached skill level 3 in Poison Magic
  4837 | D:5      | Noticed a water moccasin
  4853 | D:5      | Killed a water moccasin
  4854 | D:5      | Reached XP level 8. HP: 31/63 MP: 8/10
  5261 | D:5      | Found a transporter.
  5264 | D:5      | Found a transporter.
  5265 | D:5      | Noticed awesomeguy42's ghost (novice HuNe)
  5496 | D:5      | Reached skill level 6 in Shields
  5496 | D:5      | Reached skill level 4 in Poison Magic
  5822 | D:6      | You add the spells Tukima's Dance, Passage of Golubria and
                  | Yara's Violent Unravelling to your library.
  5843 | D:6      | Found a broken altar of Ashenzari.
  5966 | D:6      | Reached skill level 3 in Axes
  5966 | D:6      | Reached skill level 2 in Spellcasting
  6079 | D:6      | Reached skill level 6 in Fighting
  6151 | D:6      | Noticed Grinder
  6151 | D:6      | Noticed Menkaure
  6200 | D:6      | Killed Menkaure
  6201 | D:6      | Reached skill level 2 in Dodging
  6207 | D:6      | HP: 10/64 [Grinder/nerve-wracking pain (10)]
  6208 | D:6      | HP: 4/64 [Grinder/nerve-wracking pain (7)]
  6210 | D:6      | Killed Grinder
  6211 | D:6      | Reached skill level 4 in Crossbows
  6211 | D:6      | Reached skill level 5 in Poison Magic
  6211 | D:6      | Reached XP level 9. HP: 32/71 MP: 12/12
  6649 | D:6      | Found a white marble altar of Elyvilon.
  6649 | D:6      | Found a snail-covered altar of Cheibriados.
  6870 | D:6      | Noticed an unseen horror
  6885 | D:6      | Killed an unseen horror
  6886 | D:6      | Reached skill level 3 in Spellcasting
  6886 | D:6      | Reached skill level 6 in Poison Magic
  6957 | D:6      | Reached skill level 7 in Fighting
  6957 | D:6      | Reached skill level 6 in Armour
  6960 | D:6      | Reached skill level 4 in Axes
  6960 | D:6      | Reached skill level 3 in Dodging
  6964 | D:6      | Reached skill level 7 in Shields
  7371 | D:7      | Reached skill level 7 in Poison Magic
  7604 | D:6      | Reached skill level 5 in Crossbows
  7604 | D:6      | Reached XP level 10. HP: 80/80 MP: 15/15
  7661 | D:7      | You pick up a book of Hexes and begin reading...
  7661 | D:7      | You add the spells Inner Flame, Cause Fear and Discord to
                  | your library.
  7733 | D:7      | You pick up a book of Weapons and begin reading...
  7733 | D:7      | You add the spells Portal Projectile, Excruciating Wounds
                  | and Blade Hands to your library.
  7752 | D:7      | Reached skill level 4 in Spellcasting
  7771 | D:7      | Reached skill level 8 in Fighting
  7785 | D:7      | Found a staircase to the Ecumenical Temple.
  7793 | Temple   | Entered the Ecumenical Temple
  8158 | D:7      | Found a stormy altar of Qazlal.
  8409 | D:7      | Reached skill level 8 in Poison Magic
  8587 | D:8      | Noticed a two-headed ogre
  8592 | D:8      | Killed a two-headed ogre
  8593 | D:8      | Reached skill level 4 in Dodging
  8774 | D:8      | Found an opulent altar of Gozag.
  8781 | D:8      | Became a worshipper of Gozag Ym Sagoz the Greedy
  8817 | D:8      | Found a hide-covered altar of Uskayaw.
  8841 | D:8      | Reached skill level 5 in Axes
  8843 | D:8      | Reached skill level 7 in Armour
  9033 | D:8      | Reached skill level 9 in Fighting
  9064 | D:8      | Noticed a centaur warrior
  9067 | D:8      | Reached skill level 9 in Poison Magic
  9070 | D:8      | Noticed a komodo dragon
  9071 | D:8      | Reached skill level 8 in Shields
  9072 | D:8      | HP: 19/83 [troll (2)]
  9075 | D:8      | HP: 7/83 [troll (8)]
  9079 | D:8      | Mangled by a troll

Vanquished Creatures
  A two-headed ogre (D:8)
  An unseen horror (D:6)
  Grinder (D:6)
  Sigmund (D:4)
  5 yaks
  3 steam dragons
  Menkaure (D:6)
  3 water moccasins
  A black bear (D:6)
  3 ice beasts
  An ogre (D:4)
  2 centaurs
  A kobold brigand (D:8)
  5 bullfrogs
  3 scorpions
  5 wights (D:8)
  9 killer bees
  2 jellies
  Crazy Yiuf (D:4)
  2 gnoll shamans
  An orc priest (D:5)
  A hound (D:6)
  2 iguanas
  3 orc wizards (D:8)
  Robin (D:4)
  12 gnolls
  6 adders
  2 shadow imps
  2 white imps
  2 ufetubi
  4 worms
  A dart slug (D:3)
  10 orcs
  3 bats
  8 endoplasms
  3 giant cockroaches
  7 hobgoblins
  4 jackals (D:4)
  5 quokkas
  7 ball pythons
  3 frilled lizards
  13 goblins
  8 kobolds
  4 rats
163 creatures vanquished.

Table legend:
 A = Non-vault XP
 B = Vault XP
 C = Vault XP percentage of total XP
 D = Non-vault monster count
 E = Vault monster count
 F = Vault count percentage of total count
                 A         B        C        D         E       F
            +---------+---------+-------+---------+---------+-------
      Total |    5525 |    1962 |  26.2 |     134 |      29 |  17.8
            +---------+---------+-------+---------+---------+-------
        D:1 |      34 |       0 |   0.0 |      21 |       0 |   0.0
        D:2 |      73 |       2 |   2.7 |      19 |       1 |   5.0
        D:3 |     120 |       0 |   0.0 |      14 |       0 |   0.0
        D:4 |     252 |     302 |  54.5 |      18 |      13 |  41.9
        D:5 |     516 |      13 |   2.5 |      13 |       2 |  13.3
        D:6 |    2001 |     537 |  21.2 |      20 |       3 |  13.0
        D:7 |    1144 |       0 |   0.0 |      14 |       0 |   0.0
        D:8 |    1385 |    1108 |  44.4 |      15 |      10 |  40.0
            +---------+---------+-------+---------+---------+-------

Illustrated notes

Table legend:
 A = Kills in this place as a percentage of kills in entire the game.
 B = Kills by you in this place as a percentage of kills by you in the entire game.
 C = Kills by friends in this place as a percentage of kills by friends in the entire game.
 D = Other kills in this place as a percentage of other kills in the entire game.
 E = Experience gained in this place as a percentage of experience gained in the entire game.
 F = Experience gained in this place divided by the number of levels of this place that you have seen.
                   A       B       C       D       E      F
               +-------+-------+-------+-------+-------+----------------------
         Total | 100.0 | 100.0 |   N/A |   N/A | 100.0 | 831.9
       Dungeon | 100.0 | 100.0 |   N/A |   N/A | 100.0 | 935.9
               +-------+-------+-------+-------+-------+----------------------

Table legend: (Time is in decaauts)
 A = Elapsed time spent in this place.
 B = Non-inter-level travel time spent in this place.
 C = Inter-level travel time spent in this place.
 D = Time resting spent in this place.
 E = Time spent auto-exploring this place.
 F = Levels seen in this place.
 G = Mean time per level.
                   A        B        C        D        E       F      G
               +--------+--------+--------+--------+--------+-----+--------+
         Total |   9350 |   8883 |    467 |   1078 |   6180 |   9 | 1038.9 |
       Dungeon |   9092 |   8657 |    435 |   1078 |   5968 |   8 | 1136.5 |
        Temple |    257 |    225 |     32 |      0 |    212 |   1 |  257.0 |
               +--------+--------+--------+--------+--------+-----+--------+

Top non-repeatable levels by time:
     D:6: 1792 daAuts
     D:2: 1668 daAuts
     D:5: 1537 daAuts
     D:4: 987 daAuts
     D:1: 906 daAuts
     D:7: 859 daAuts
     D:3: 841 daAuts
     D:8: 499 daAuts
  Temple: 257 daAuts
